 Dungeon Crawl Stone Soup version 0.28-a0-32-g8dfe7f97f6 (webtiles) character file.

Game seed: 17932327490532163479

67 zezblit the Skirmisher (level 3, -2/31 HPs)
             Began as a Palentonga Fighter on July 26, 2021.
             Slain by a gnoll (4 damage)
             ... on level 3 of the Dungeon on July 27, 2021.
             The game lasted 00:08:12 (2134 turns).

zezblit the Skirmisher (Palentonga Fighter)         Turns: 2134, Time: 00:08:13

Health: -2/31      AC:  6    Str: 20    XL:     3   Next: 98%
Magic:  3/3        EV:  5    Int:  8    God:
Gold:   121        SH:  8    Dex:  9    Spells: 2/2 levels left

rFire   . . .      SeeInvis +   a - +0 flail
rCold   . . .      Faith    .   c - +0 kite shield
rNeg    . . .      Spirit   .   b - +0 scale mail
rPois   .          Reflect  .   (no helmet)
rElec   .          Harm     .   (no cloak)
rCorr   .          Rampage  .   (no gloves)
Will    .....                   (no barding)
Stlth   ..........              (no amulet)
HPRegen 0.10/turn               (no ring)
MPRegen 0.08/turn               (no ring)

@: mighty
A: large, rugged brown scales 3, see invisible, deformed body, roll 1, armoured
tail
a: Rolling Charge


You were on level 3 of the Dungeon.
You visited 1 branch of the dungeon, and saw 4 of its levels.

You collected 121 gold pieces.

Inventory:

Hand Weapons
 a - a +0 flail (weapon)
 g - a +0 mace
 k - a +0 spear
Missiles
 e - 148 stones
 n - 19 sling bullets
Armour
 b - a +0 scale mail (worn)
 c - a +0 kite shield (worn)
Magical Staves
 p - a staff of poison
Scrolls
 f - a scroll of brand weapon {unknown}
 l - a scroll of noise {unknown}
 m - a scroll of vulnerability {unknown}
 o - a scroll of teleportation
Potions
 h - a potion of brilliance {unknown}
 i - 2 potions of curing {unknown}
 j - a potion of heal wounds {unknown}
 q - a potion of ambrosia {unknown}


   Skills:
 + Level 3.3 Fighting
 * Level 2.8 Maces & Flails
 + Level 3.0 Armour
 + Level 0.3 Dodging
 + Level 2.8 Shields


You had 2 spell levels left.
You didn't know any spells.
Your spell library was empty.

Dungeon Overview and Level Annotations

Branches:
Dungeon (4/15)
 Temple: D:4-7

Altars:

Shops:
D:1 [


Innate Abilities, Weirdness & Mutations

You are completely covered in rugged brown scales. (AC +3, +7% HP)
You have supernaturally acute eyesight. (SInv)
Armour fits poorly on your strangely shaped body.
You can roll at nearby foes to attack.
You have a long armoured tail.


Message History

There is a stone staircase leading down here.
You climb downwards.
There is a stone staircase leading up here.
e - 148 stones (gained 20) 2 gnolls come into view.
The gnoll shouts! x2
A gnoll comes into view. It is wielding a +0 spear.
You see here a viscous amethyst potion.
Roll where?
Press: ? - help, Q - select action, (/) - cycle Dir - move target, f - gnoll
Aim: a gnoll, wielding a +0 whip You roll forward with a clatter of scales!
You barely miss the gnoll. The gnoll hits you with a +0 whip!
An endoplasm comes into view.
You closely miss the gnoll. The gnoll hits you with a +0 flail.
You closely miss the gnoll. The gnoll barely misses you.
A rat comes into view.
You hit the gnoll.
The gnoll is moderately wounded.
The gnoll hits you with a +0 flail!
You hit the gnoll.
Your tail-slap misses the gnoll.
The gnoll is heavily wounded.
The gnoll hits you with a +0 flail.
* * * LOW HITPOINT WARNING * * *
You see here a viscous amethyst potion.
Okay, then.
You feel very mighty all of a sudden. The gnoll hits you with a +0 flail.
* * * LOW HITPOINT WARNING * * *
You closely miss the gnoll. You tail-slap the gnoll!
You kill the gnoll!
Your Armour skill increases to level 3!
You thump the endoplasm!
You kill the endoplasm!
The gnoll hits you with a +0 whip.
* * * LOW HITPOINT WARNING * * *
You barely miss the gnoll. You block the gnoll's attack.
The gnoll hits you from afar with a +0 spear.
You die...

..## #...
#############
#..#
#rg@........#
#..#
#g#########.#
#..# #......#
#.# #..#
###.####
#####.#####..#
#
#............#
#.###.#####..#
#.# #..# #<#
#<.# #.# #..#


You could see 2 gnolls and a rat.

Vanquished Creatures
  A gnoll (D:3)
  3 ball pythons
  4 bats
  5 endoplasms
  A giant cockroach (D:1)
  A goblin (D:2)
  5 hobgoblins
  11 jackals
  6 kobolds
  4 quokkas (D:2)
  3 frilled lizards (D:2)
  2 rats
46 creatures vanquished.

Notes
Turn   | Place    | Note
-------+----------+-------------------------------------------
     0 | D:1      | zezblit the Palentonga Fighter began the quest for the Orb.
     0 | D:1      | Reached XP level 1. HP: 19/19 MP: 1/1
    85 | D:1      | Found Jonud's Antique Armour Shoppe.
   113 | D:1      | Reached XP level 2. HP: 16/25 MP: 2/2
   522 | D:1      | Found a faded altar of an unknown god.
   813 | D:1      | Reached XP level 3. HP: 21/31 MP: 3/3
  2071 | D:2      | Upgraded the game from 0.28-a0-21-gf74fda84f9 to
                  | 0.28-a0-32-g8dfe7f97f6
  2134 | D:3      | Slain by a gnoll

Illustrated notes

Levels and vault maps discovered:
D:1:      tarquinn_simple_flora_water_f, layout_basic, serial_shops,
          nicolae_shop_overgrown_old_shop,
          hellmonk_ecumenical_altar_prayer_group
D:2:      layout_basic, serial_curves, eino_curves_02, eino_curves_01,
          minmay_3d_cube
D:3:      layout_loops_ring, ebering_ghost_rock_garden,
          minmay_misc_feat_columns, grunt_decor_one_mirror, skrybe_limestone_x,
          kennysheep_crisscross
D:4:      layout_gridville, nicolae_ru_the_path_less_chosen,
          grunt_temple_overflow_diamond, ebering_ghost_rock_garden

Skill      XL: |  1  2  3 |
---------------+----------+-----
Armour         | 3 |  3.0
Fighting       | |  3.3
Maces & Flails | |  2.8
Dodging        | |  0.3
Shields        | |  2.8

Action                   || total
-------------------------++-------
Melee: Flail             ||   118
       Tailslap          ||    12
 Abil: Rolling Charge    ||     5
  Use: Scroll            ||     1
       Potion            ||     1
Armor: Scale mail        ||    71
Dodge: Dodged            ||    25
Block: Kite shield       ||    71

Table legend: (Time is in decaauts)
 A = Elapsed time spent in this place.
 B = Non-inter-level travel time spent in this place.
 C = Inter-level travel time spent in this place.
 D = Time resting spent in this place.
 E = Time spent auto-exploring this place.
 F = Levels seen in this place.
 G = Mean time per level.
                   A        B        C        D        E       F      G
               +--------+--------+--------+--------+--------+-----+--------+
         Total |   2198 |   2107 |     91 |    121 |   1538 |   4 |  549.5 |
       Dungeon |   2198 |   2107 |     91 |    121 |   1538 |   4 |  549.5 |
               +--------+--------+--------+--------+--------+-----+--------+

Top non-repeatable levels by time:
     D:1: 1115 daAuts
     D:2: 991 daAuts
     D:3: 85 daAuts
     D:4: 5 daAuts
